 Dungeon Crawl Stone Soup version 0.31.0-9-g3a7656b989 (webtiles) character file.

Game seed: 6679403198638152334

108 qw the Skirmisher (level 4, -6/25 HPs)
             Began as a Deep Elf Hunter on Feb 2, 2024.
             Mangled by a sleepcap (13 damage)
             ... on level 4 of the Dungeon.
             The game lasted 00:00:10 (2654 turns).

qw the Skirmisher (Deep Elf Hunter)                 Turns: 2654, Time: 00:00:10

Health: -6/25      AC:  6    Str: 10      XL:     4   Next: 58%
Magic:  6/6        EV:  2    Int: 11 (14) God:
Gold:   192        SH:  0    Dex: 16 (18) Spells: 3/3 levels left

rFire   + + .        a - +0 shortbow
rCold   . . .        (shield currently unavailable)
rNeg    . . .        d - +3 leather armour of Truth {Fly rF++}
rPois   .            (no helmet)
rElec   .            (no cloak)
rCorr   .            (no gloves)
SInv    .            (no boots)
Will    .....        (no amulet)
Stlth   ++           (no ring)
HPRegen 0.24/turn    (no ring)
MPRegen 0.10/turn

%: no passive effects
@: sleeping, flying
A: no striking features
a: no special abilities


You were on level 4 of the Dungeon.
You visited 1 branch of the dungeon, and saw 4 of its levels.

You collected 192 gold pieces.


   Skills:
 - Level 1.5 Fighting
 + Level 8.0 Ranged Weapons
 - Level 2.4 Dodging
 - Level 1.2 Stealth


You had 3 spell levels left.
You didn't know any spells.
Your spell library was empty.

Inventory:

Hand Weapons
 a - a +0 shortbow (weapon)
Armour
 d - the +3 leather armour of Truth (worn) {Fly rF++}
   (You found it on level 3 of the Dungeon)

   rF++:      It greatly protects you from fire.
   Fly:       It grants you flight.
 f - a +5 ring mail of cold resistance
Wands
 e - a wand of roots (16)
Scrolls
 g - 2 scrolls of teleportation
 i - 2 scrolls of enchant armour
Potions
 b - a potion of brilliance {unknown}
 c - a potion of attraction {unknown}
 h - 2 potions of curing

Dungeon Overview and Level Annotations

Branches:
Dungeon (4/15)
 Temple: D:4-7

Altars:


Message History

The sleepcap is moderately damaged.
The sleepcap closely misses you.
You shoot an arrow. The arrow hits the sleepcap!
The sleepcap is heavily damaged.
The sleepcap releases spores at you.
You are engulfed in a cloud of soporific spores!
You fall asleep.
The sleepcap releases spores at you!
You wake up.
You are engulfed in a cloud of soporific spores!
You are unaffected.
You shoot an arrow. The arrow hits the sleepcap.
The sleepcap is severely damaged.
The sleepcap closely misses you.
You shoot an arrow.
The arrow completely misses the sleepcap.
The arrow barely misses the ribbon worm.
The sleepcap releases spores at you.
You shoot an arrow.
The arrow hits the sleepcap but does no damage.
The sleepcap is severely damaged.
The sleepcap releases spores at you.
You shoot an arrow. The arrow hits the sleepcap.
The sleepcap is severely damaged.
The sleepcap closely misses you.
You shoot an arrow. The arrow hits the sleepcap.
The sleepcap is severely damaged.
The sleepcap barely misses you.
You shoot an arrow.
The arrow hits the sleepcap but does no damage.
The sleepcap is severely damaged.
The sleepcap closely misses you.
You shoot an arrow.
The arrow hits the sleepcap but does no damage.
The sleepcap is severely damaged.
The sleepcap releases spores at you.
You are engulfed in a cloud of soporific spores!
You fall asleep.
The sleepcap releases spores at you!
Ouch! That really hurt!
You die...

##* ##8### *#.wf@#
*#..8#.###
*#...*#...# ******
#8..**###.# ,,,,,*
#.<,* #.#
****,****#8,,** #.#
* *,,,,,#*,.,**
#.### *
******,**..8###...#
* *,,*#......#.#


You could see a sleepcap and a ribbon worm.

Vanquished Creatures
  Ijyb (D:4)
  A ribbon worm (D:2)
  A dart slug (D:3)
  3 orcs (D:3)
  10 ball pythons
  4 endoplasms
  4 giant cockroaches
  7 goblins
  5 hobgoblins
  5 jackals (D:2)
  7 kobolds
  4 quokkas
  10 bats
  3 frilled lizards
  4 rats
69 creatures vanquished.

Notes
Turn   | Place    | Note
-------+----------+-------------------------------------------
     0 | D:1      | qw the Deep Elf Hunter began the quest for the Orb.
     0 | D:1      | Reached XP level 1. HP: 12/12 MP: 3/3
     0 | D:1      | 0 ||| qw: Version: 0.3-a-155-g5e7d8dd
     0 | D:1      | 0 ||| qw: Game counter: 1949
     0 | D:1      | 0 ||| qw: Melee chars always use a shield: true
     0 | D:1      | 0 ||| qw: God list: Okawaru
     0 | D:1      | 0 ||| qw: Allow faded altars: false
     0 | D:1      | 0 ||| qw: Do Orc after clearing Dungeon:15 true
     0 | D:1      | 0 ||| qw: Do second Lair branch before Depths: true
     0 | D:1      | 0 ||| qw: Lair rune preference: random
     0 | D:1      | 0 ||| qw: Goals: Normal
     0 | D:1      | 0 ||| PLANNING D:1-11
    50 | D:1      | Reached XP level 2. HP: 16/16 MP: 4/4
    62 | D:1      | Reached skill level 6 in Ranged Weapons
   425 | D:1      | Reached XP level 3. HP: 20/20 MP: 5/5
   785 | D:1      | 785 ||| UPGRADING to +1 ring mail of cold resistance.
   795 | D:1      | 795 ||| DROPPING +0 leather armour.
   796 | D:1      | 796 ||| READING 3 scrolls labelled FIZIMU LAOKK.
   796 | D:1      | 796 ||| ENCHANTING +1 ring mail of cold resistance.
   797 | D:1      | 797 ||| READING 2 scrolls of enchant armour.
   797 | D:1      | 797 ||| ENCHANTING +2 ring mail of cold resistance.
   798 | D:1      | 798 ||| READING scroll of enchant armour.
   798 | D:1      | 798 ||| ENCHANTING +3 ring mail of cold resistance.
   799 | D:1      | 799 ||| READING 2 scrolls labelled HAPHAI JYTU.
   802 | D:1      | 802 ||| DRINKING 2 white potions.
   805 | D:1      | 805 ||| DROPPING scroll of butterflies.
   806 | D:1      | 806 ||| DROPPING potion of ambrosia.
   911 | D:2      | 911 ||| FLEEEEING.
   912 | D:2      | 912 ||| FLEEEEING.
   913 | D:2      | 913 ||| FLEEEEING.
  1022 | D:2      | Reached skill level 7 in Ranged Weapons
  1644 | D:2      | 1644 ||| READING scroll labelled WECOEL SUTWOBYNEEV.
  1701 | D:3      | Reached XP level 4. HP: 20/25 MP: 6/6
  1903 | D:3      | Identified the +3 leather armour of Truth {Fly rF++}
  2016 | D:3      | Found a faded altar of an unknown god.
  2048 | D:3      | 2048 ||| READING 3 scrolls of enchant armour.
  2048 | D:3      | 2048 ||| ENCHANTING +4 ring mail of cold resistance.
  2089 | D:3      | You fall into a shaft and drop 1 floor!
  2090 | D:4      | 2090 ||| UPGRADING to +3 leather armour of Truth {Fly
                  | rF++}.
  2100 | D:4      | 2100 ||| READING scroll labelled TAPNINT HEKLUI.
  2101 | D:4      | 2101 ||| READING scroll labelled POKOMMAA WENOH.
  2102 | D:4      | 2102 ||| DRINKING 3 smoky yellow potions.
  2103 | D:4      | 2103 ||| DROPPING 2 potions of degeneration.
  2105 | D:4      | 2105 ||| Stepping ~*~*~tactically~*~*~ (cloud).
  2174 | D:4      | 2174 ||| FLEEEEING.
  2175 | D:4      | 2175 ||| FLEEEEING.
  2213 | D:3      | Identified the +1 chain mail of Intuition {Int+3}
  2456 | D:3      | 2456 ||| DRINKING 2 golden potions.
  2548 | D:4      | Noticed Ijyb
  2556 | D:4      | Killed Ijyb
  2557 | D:4      | Reached skill level 8 in Ranged Weapons
  2654 | D:4      | Mangled by a sleepcap

Levels and vault maps discovered:
D:1:      doesnt_arrival_eight_statues, layout_basic
D:2:      layout_loops_corners
D:3:      layout_basic, hellmonk_ecumenical_altar_heavens_door,
          hangedman_abyss_or_decor_stabs
D:4:      layout_loops_ring, kennysheep_mini_moat, grunt_ministairs_8,
          mrwooster_statue_mirror, minivault_14, uniq_blork_the_orc, uniq_pikel,
          uniq_ijyb

Skill      XL: |  1  2  3  4 |
---------------+-------------+-----
Ranged Weapons | 6 7 8 |  8.0
Fighting       | |  1.5
Dodging        | |  2.4
Stealth        | |  1.2

Action                     |  1- 3 |  4- 6 || total
---------------------------+-------+-------++-------
   Fire: Shortbow          |   153 |    64 ||   217
    Use: Scroll            |     5 |     3 ||     8
         Potion            |     1 |     2 ||     3
 Armour: Leather armour    |     4 |    10 ||    14
         Ring mail         |    20 |     6 ||    26
  Dodge: Dodged            |    25 |    19 ||    44

Table legend:
 A = Non-vault XP
 B = Vault XP
 C = Vault XP percentage of total XP
 D = Non-vault monster count
 E = Vault monster count
 F = Vault count percentage of total count
                 A         B        C        D         E       F
            +---------+---------+-------+---------+---------+-------
      Total |     119 |      36 |  23.2 |      68 |       1 |   1.4
            +---------+---------+-------+---------+---------+-------
        D:1 |      47 |       0 |   0.0 |      28 |       0 |   0.0
        D:2 |      44 |       0 |   0.0 |      26 |       0 |   0.0
        D:3 |      28 |       0 |   0.0 |      14 |       0 |   0.0
        D:4 |       0 |      36 | 100.0 |       0 |       1 | 100.0
            +---------+---------+-------+---------+---------+-------
